 Dungeon Crawl Stone Soup version 0.30-a0-377-g5cb311bc9f (webtiles) character file.

Game seed: 13592336029253872338

49030 ragingrage the Unseen (level 14, -1/109 HPs)
             Began as a Vampire Enchanter on Nov 28, 2022.
             Was the Champion of Dithmenos.
             Slain by a polar bear (7 damage)
             ... on level 5 of the Lair of Beasts.
             The game lasted 00:32:04 (17349 turns).

ragingrage the Unseen (Vampire Enchanter)          Turns: 17349, Time: 00:32:04

Health: -1/109     AC: 17    Str:  7    XL:     14   Next: 14%
Magic:  18/20      EV: 15    Int: 18    God:    Dithmenos [******]
Gold:   1366       SH:  7    Dex: 27    Spells: 10/21 levels left

rFire   . . .      SeeInvis +    b - +1 scimitar (flame)
rCold   + + .      Faith    .    T - +0 buckler
rNeg    . . .      Spirit   .    K - +2 ring mail of Burnt Knowledge {Dex+4}
rPois   +          Reflect  .    Z - +2 hat {Will+}
rElec   .          Harm     .    W - +0 cloak
rCorr   +          Rampage  .    i - +0 pair of gloves of a treasure trove {+Inv rPois rC+ Regen+}
Will    ++...                    O - +0 pair of boots Stlth *+++++++++
                                 (no amulet)
HPRegen 1.38/turn                H - +4 ring of protection
MPRegen 0.17/turn                n - ring of Pyromania {Contam rC+ rCorr Dex+4}

@: healing quickly, wreathed by umbra
A: alive, fangs 3, see invisible, vampiric 2
a: Exsanguinate, Renounce Religion, Evoke Invisibility, Shadow Step, Shadow Form


You were on level 5 of the Lair of Beasts.
You worshipped Dithmenos.
Dithmenos was exalted by your worship.
You visited 3 branches of the dungeon, and saw 20 of its levels.
You also visited: Sewer.

You collected 1584 gold pieces.
You spent 218 gold pieces at shops.

Inventory:

Hand Weapons
 a - a +4 dagger of venom
 b - a +1 scimitar of flaming (weapon)
Missiles
 y - 13 poisoned darts
 M - 3 throwing nets
 R - 10 curare-tipped darts
Armour
 i - the +0 pair of gloves of a treasure trove (worn) {+Inv rPois rC+ Regen+}
   (You found it on level 2 of the Dungeon)

   rC:        It protects you from cold.
   rPois:     It protects you from poison.
   +Inv:      It lets you turn invisible.
   Regen:     It increases your rate of health regeneration.
 p - a +2 ring mail of cold resistance
 K - the +2 ring mail of Burnt Knowledge (worn) {Dex+4}
   (You acquired it on level 4 of the Lair of Beasts)

   Dex:       It affects your dexterity (+4).
 O - a +0 pair of boots (worn)
 T - a +0 buckler (worn)
 W - a +0 cloak (worn)
 Y - a +0 troll leather armour
 Z - a +2 hat of willpower (worn)
Jewellery
 h - a ring of willpower
 n - the ring of Pyromania (right hand) {Contam rC+ rCorr Dex+4}
   (You found it on level 2 of the Dungeon)

   [ring of protection from cold]

   Dex:       It affects your dexterity (+4).
   rC:        It protects you from cold.
   Contam:    It causes magical contamination when unequipped.
   rCorr:     It protects you from acid and corrosion.
 o - a ring of flight
 E - the ring "Vyogug" {Fire Contam rElec rPois rN+}
   (You found it on level 2 of the Lair of Beasts)

   [ring of fire]

   It enhances your fire magic.
   rF:        It protects you from fire.
   rC:        It makes you vulnerable to cold.
   rElec:     It insulates you from electricity.
   rPois:     It protects you from poison.
   rN:        It protects you from negative energy.
   Contam:    It causes magical contamination when unequipped.
 F - a ring of protection from fire
 H - a +4 ring of protection (left hand)
 J - a ring of magical power
Wands
 g - a wand of light (9)
 z - a wand of flame (22)
 D - a wand of digging (14)
 G - a wand of mindburst (10)
 V - a wand of iceblast (4)
 X - a wand of charming (18)
Scrolls
 d - 8 scrolls of teleportation
 l - 2 scrolls of immolation
 q - 8 scrolls of vulnerability
 r - 3 scrolls of identify
 t - a scroll of silence
 u - 3 scrolls of fear
 v - 2 scrolls of enchant armour
 B - a scroll of magic mapping
 C - 2 scrolls of poison
 I - 3 scrolls of enchant weapon
 L - 2 scrolls of blinking
 S - 3 scrolls of fog
Potions
 c - 3 potions of invisibility
 e - 2 potions of berserk rage
 f - 4 potions of lignification
 j - 7 potions of attraction
 k - a potion of heal wounds
 m - 9 potions of curing
 s - 6 potions of flight
 w - 2 potions of ambrosia
 x - 2 potions of might
 A - 2 potions of magic
 N - 2 potions of mutation
 P - 2 potions of resistance
 U - 2 potions of brilliance


   Skills:
 * Level 9.8 Fighting
 + Level 10.0 Short Blades
 - Level 5.0 Armour
 + Level 8.6 Dodging
 + Level 15.6 Stealth
 - Level 5.0 Shields
 - Level 4.0 Spellcasting
 + Level 14.5 Hexes
 - Level 5.0 Ice Magic
 * Level 8.4 Evocations


You had 10 spell levels left.
You knew the following spells:

 Your Spells              Type           Power      Damage    Failure   Level
a - Ensorcelled Hibernat  Hex/Ice        76%        N/A       1%          2
b - Confusing Touch       Hex            54%        N/A       1%          3
c - Tukima's Dance        Hex            54%        N/A       1%          3
d - Dazzling Flash        Conj/Hex       58%        N/A       9%          3

Your spell library contained the following spells:

 Spells                   Type           Power      Damage    Failure   Level
 Anguish                  Hex/Necr       14%        N/A       28%         4
 Shock                    Conj/Air       12%        1d3       50%         1
 Silence                  Hex/Air        14%        N/A       63%         5
 Summon Mana Viper        Hex/Summ       29%        N/A       63%         5
 Spider Form              Tmut/Pois      3%         N/A       86%         3
 Swiftness                Air            3%         N/A       86%         3
 Airstrike                Air            1%         2d(1-17)  99%         4
 Manifold Assault         Tloc           3%         N/A       99%         4
 Passage of Golubria      Tloc           3%         N/A       99%         4
 Summon Forest            Summ/Tloc      1%         N/A       100%        5
 Dispersal                Tloc           1%         N/A       100%        6
 Summon Cactus Giant      Summ           1%         N/A       100%        6
 Disjunction              Tloc           1%         N/A       100%        8
 Lehudib's Crystal Spear  Conj/Erth      1%         10d2      100%        8


Dungeon Overview and Level Annotations

Branches:
Dungeon (14/15)            Temple (1/1) D:4            Lair (5/5) D:8
  Swamp (0/4) Lair:3        Snake (0/4) Lair:2          Orc (0/2) D:10
 Vaults (0/5) D:13          Sewer (visited)
  Slime: Lair:4-5

Altars:
Ashenzari
Cheibriados
Dithmenos
Fedhas
Gozag
Hepliaklqana
Kikubaaqudgha
Makhleb
Nemelex Xobeh
Okawaru
Qazlal
Ru
Sif Muna
Trog
Uskayaw
Vehumet
Wu Jian
Xom
Yredelemnul

Shops:
D:7 *[*(   D:13 *

Annotations:
D:13 exclusions: door and vault guard
Lair:4 exclusion: 3 oklob plants


Innate Abilities, Weirdness & Mutations

Your natural rate of healing is accelerated.
You have razor-sharp teeth.
You have supernaturally acute eyesight. (SInv)
You are afflicted with vampirism and can become a bat while bloodless.


Message History

You hit the polar bear.
You bite the polar bear, but do no damage.
The polar bear is severely wounded.
The polar bear bites you but does no damage.
The polar bear claws you but does no damage.
You block the polar bear's attack.
You hit the polar bear but do no damage.
The polar bear is severely wounded.
The spriggan rider barely misses you.
You closely miss the polar bear.
The polar bear is severely wounded.
The polar bear bites you! You block the polar bear's attack.
The polar bear barely misses you.
You hit the polar bear.
The polar bear looks as sick as possible!
The polar bear is almost dead.
The spriggan rider misses you. The polar bear bites you!
You block the polar bear's attack. The polar bear misses you.
You hit the polar bear but do no damage.
You bite the polar bear, but do no damage.
The polar bear is almost dead.
Your shadow hits the polar bear but does no damage.
The polar bear misses you. The polar bear barely misses you.
The polar bear misses you.
The spriggan rider hits you from afar with a +0 spear.
You hit the polar bear.
The polar bear is almost dead.
The polar bear bites you!!
* * * LOW HITPOINT WARNING * * *
The polar bear closely misses you. You block the polar bear's attack.
Your +4 dagger of venom stops dripping with poison.
Your +1 scimitar of flaming bursts into flame!
b - a +1 scimitar of flaming (weapon)
The spriggan rider hits you from afar with a +0 spear!
* * * LOW HITPOINT WARNING * * *
You closely miss the polar bear.
The polar bear is almost dead.
You block the polar bear's attack. The polar bear barely misses you.
The polar bear closely misses you. The polar bear bites you!
You die...

. ... ♣♣♣..h.
♣♣♣♣i§hg♣ ♣.@hh♣
♣♣.♣♣♣♣ ♣ ♣♣.♣♣
♣.♣♣.♣..♣
♣.....)♣♣♣♣♣
......♣♣†.).♣♣♣♣
...♣♣♣ ♣♣♣♣....♣
.♣ ♣♣♣..#
♣♣...#♣


You could see a spriggan rider, a polar bear (berserk, extremely poisoned) and a
wolf.

Vanquished Creatures
  Rupert (Lair:4)
  Gastronok (D:8)
  Kirke (D:13)
  2 hydras
  Erolcha (D:11)
  4 boulder beetles
  A centaur warrior (D:13)
  3 two-headed ogres
  A death yak (Lair:3)
  Sonja (D:11)
  Nergalle (Lair:1)
  3 skeletal warriors (D:12)
  Amaemon (Lair:1)
  Lodul (D:11)
  2 bog bodies
  3 lindwurms
  2 ugly things
  4 cyclopes
  Maurice (D:12)
  Joseph (D:8)
  12 elephants (Lair:4)
  6 black mambas
  A torpor snail (Lair:3)
  5 cane toads
  3 gargoyles
  An orange demon (Lair:1)
  Maggie (Lair:1)
  8 komodo dragons
  A kobold demonologist (D:14)
  An efreet (D:13)
  2 polar bears (Lair:4)
  2 trolls
  A hornet (Lair:5)
  7 blink frogs (Lair:2)
  7 spriggans (Lair:5)
  17 yaks
  2 wraiths
  3 wyverns
  The ghost of DeathPants the Sneak, an amateur MiEn (D:5)
  7 vampire mosquitoes
  A basilisk (Lair:3)
  2 steam dragons
  Grum (Lair:1)
  Menkaure (D:6)
  A warg (D:10)
  3 nagas (Lair:2)
  8 water moccasins
  4 black bears
  2 acid dragons
  An orc warrior (D:8)
  An ice beast (D:6)
  3 sky beasts
  A boggart (Lair:5)
  9 ogres
  24 wolves
  2 centaurs
  2 phantoms
  2 kobold brigands
  13 bullfrogs
  A necrophage (D:8)
  2 gnoll sergeants
  5 scorpions
  6 wights
  26 killer bees
  5 howler monkeys
  4 hounds
  2 jellies
  4 orc priests
  A gnoll bouda (D:6)
  5 iguanas
  A scorpion zombie (D:3)
  9 orc wizards
  A merfolk siren (Sewer)
  A merfolk avatar (Sewer)
  A hound zombie (D:3)
  A hound skeleton (D:8)
  9 gnolls
  2 river rats (Sewer)
  10 adders
  A white imp (D:6)
  An adder zombie (D:3)
  2 dart slugs (D:1)
  34 orcs
  10 ball pythons
  2 bats
  5 endoplasms
  6 giant cockroaches
  4 goblins
  10 hobgoblins
  2 jackals (D:3)
  8 quokkas
  11 frilled lizards
  A giant cockroach zombie (D:3)
  18 kobolds
  30 rats
445 creatures vanquished.

Vanquished Creatures (collateral kills)
  A blink frog (Lair:2)
  6 wights
  5 gnolls (D:9)
12 creatures vanquished.

Vanquished Creatures (others)
  6 dancing weapons
  3 humans (D:13)
  An orc wizard (D:13)
  38 fungi
  32 plants
80 creatures vanquished.

Grand Total: 537 creatures vanquished

Notes
Turn   | Place    | Note
-------+----------+-------------------------------------------
     0 | D:1      | ragingrage the Vampire Enchanter began the quest for the
                  | Orb.
     0 | D:1      | Reached XP level 1. HP: 13/13 MP: 3/3
    68 | D:1      | Reached XP level 2. HP: 19/19 MP: 5/5
    71 | D:1      | Learned a level 2 spell: Ensorcelled Hibernation
   819 | D:2      | Reached skill level 5 in Stealth
   819 | D:2      | Gained mutation: You are afflicted with vampirism and can
                  | become a bat while bloodless. [Vampire growth]
   819 | D:2      | Reached XP level 3. HP: 24/24 MP: 6/6
   821 | D:2      | Identified the +0 pair of gloves of a treasure trove {+Inv
                  | rPois rC+ Regen+}
   841 | D:2      | Reached skill level 5 in Hexes
   972 | D:2      | Identified the ring of Pyromania {Contam rC+ rCorr Dex+4}
  1457 | D:3      | Found a basalt altar of Yredelemnul.
  1478 | D:3      | Reached XP level 4. HP: 28/30 MP: 7/7
  1522 | D:3      | Learned a level 3 spell: Confusing Touch
  1935 | D:3      | Reached XP level 5. HP: 35/35 MP: 8/8
  2004 | D:4      | Found a staircase to the Ecumenical Temple.
  2018 | Temple   | Entered the Ecumenical Temple
  2134 | Temple   | Became a worshipper of Dithmenos the Shadowed
  2146 | D:4      | Reached skill level 6 in Stealth
  2361 | D:4      | Found a stormy altar of Qazlal.
  2722 | D:4      | Noticed a phantom
  2736 | D:4      | Killed a phantom
  2737 | D:4      | Reached XP level 6. HP: 41/41 MP: 6/9
  2839 | D:5      | Entered Level 5 of the Dungeon
  2844 | D:5      | Reached skill level 5 in Short Blades
  2872 | D:5      | Found a large runed translucent door.
  2872 | D:5      | Found a large runed translucent door.
  2874 | D:5      | Noticed DeathPants's ghost (amateur MiEn)
  2915 | D:4      | Reached skill level 7 in Stealth
  2964 | D:5      | Found a glowing drain.
  2991 | Sewer    | Entered a sewer
  3040 | Sewer    | Reached * piety under Dithmenos
  3114 | Sewer    | Reached XP level 7. HP: 46/46 MP: 0/10
  3437 | Sewer    | Reached ** piety under Dithmenos
  3893 | D:5      | Learned a level 3 spell: Tukima's Dance
  4136 | D:5      | Reached skill level 8 in Stealth
  4335 | D:5      | Reached skill level 1 in Ice Magic
  4526 | D:5      | Killed DeathPants's ghost
  4527 | D:5      | Reached XP level 8. HP: 43/52 MP: 9/11
  4689 | D:6      | Reached skill level 9 in Stealth
  4728 | D:6      | Noticed Menkaure
  4749 | D:6      | Killed Menkaure
  4914 | D:6      | Found a shimmering blue altar of Sif Muna.
  4914 | D:6      | Found a shimmering altar of Xom.
  5229 | D:6      | Reached *** piety under Dithmenos
  5392 | D:6      | Reached XP level 9. HP: 56/57 MP: 5/12
  5581 | D:7      | Found Xerim's General Store.
  5948 | D:7      | Reached skill level 10 in Stealth
  6066 | D:7      | Found Lutoita's Antique Armour Shop.
  6111 | D:7      | Reached skill level 1 in Evocations
  6245 | D:7      | Reached skill level 10 in Hexes
  6316 | D:7      | Bought a glowing robe for 133 gold pieces
  6389 | D:7      | Found Tanip's Weapon Boutique.
  6416 | D:7      | Found Senod's General Store.
  6619 | D:8      | Noticed a cyclops
  6632 | D:8      | Found a burning altar of Makhleb.
  6640 | D:8      | Killed a cyclops
  6686 | D:8      | Reached skill level 10 in Short Blades
  6802 | D:8      | Learned a level 3 spell: Dazzling Flash
  6855 | D:8      | Reached XP level 10. HP: 63/63 MP: 13/15
  6892 | D:8      | Reached skill level 11 in Stealth
  7043 | D:8      | Noticed Gastronok
  7136 | D:9      | Reached skill level 1 in Fighting
  7158 | D:9      | Reached **** piety under Dithmenos
  7294 | D:9      | Found an iron altar of Okawaru.
  7304 | D:8      | Noticed Joseph
  7307 | D:8      | Killed Joseph
  7308 | D:8      | Reached skill level 1 in Armour
  7308 | D:8      | Reached skill level 5 in Ice Magic
  8677 | D:10     | Entered Level 10 of the Dungeon
  8829 | D:10     | Found a staircase to the Orcish Mines.
  9114 | D:10     | Noticed a gargoyle
  9117 | D:10     | Noticed a gargoyle
  9118 | D:10     | Killed a gargoyle
  9129 | D:10     | Killed a gargoyle
  9130 | D:10     | Reached skill level 12 in Stealth
  9258 | D:10     | Reached XP level 11. HP: 76/76 MP: 17/17
  9945 | D:11     | Noticed a brown ugly thing
  9950 | D:11     | Killed a brown ugly thing
  9966 | D:11     | Noticed a boulder beetle
  9977 | D:11     | Killed a boulder beetle
 10069 | D:11     | Noticed Sonja
 10076 | D:11     | Killed Sonja
 10077 | D:11     | Reached skill level 5 in Fighting
 10077 | D:11     | Reached skill level 5 in Dodging
 10165 | D:11     | Noticed a boulder beetle
 10165 | D:11     | You fall into a shaft and drop 3 floors!
 10276 | D:13     | Noticed a boulder beetle
 10284 | D:13     | Killed a boulder beetle
 10539 | D:13     | Found Angukha's Assorted Antiques.
 10563 | D:13     | Bought a viscous sapphire potion for 28 gold pieces
 10563 | D:13     | Bought 2 viscous sapphire potions for 57 gold pieces
 10618 | D:13     | Found a gate to the Vaults.
 10618 | D:13     | Noticed a vault guard
 10618 | D:13     | Noticed a vault guard
 10618 | D:13     | Noticed a vault guard
 10619 | D:13     | Noticed a deep elf pyromancer
 10619 | D:13     | Noticed a vault guard
 10619 | D:13     | Noticed a centaur warrior
 10660 | D:13     | Noticed Kirke
 10663 | D:13     | Killed Kirke
 10664 | D:13     | Reached skill level 13 in Stealth
 10714 | D:13     | Noticed a centaur warrior
 10720 | D:13     | Killed a centaur warrior
 10721 | D:13     | Reached skill level 1 in Shields
 10741 | D:13     | Noticed a boulder beetle
 10747 | D:13     | Killed a boulder beetle
 10748 | D:13     | Reached skill level 5 in Evocations
 10935 | D:12     | Noticed a brown ugly thing
 10939 | D:12     | Killed a brown ugly thing
 10999 | D:12     | Reached XP level 12. HP: 88/88 MP: 18/18
 11154 | D:12     | Noticed a two-headed ogre
 11157 | D:12     | Killed a two-headed ogre
 11263 | D:12     | Noticed Maurice
 11264 | D:12     | Noticed a two-headed ogre
 11268 | D:12     | Killed a two-headed ogre
 11270 | D:12     | Killed Maurice
 11853 | D:11     | Noticed Erolcha
 11863 | D:11     | Killed Erolcha
 11942 | D:11     | Noticed Lodul
 12047 | D:11     | Killed Lodul
 12157 | D:11     | Found a hide-covered altar of Uskayaw.
 12164 | D:11     | Noticed a two-headed ogre
 12171 | D:11     | Killed a two-headed ogre
 12266 | D:11     | Killed a boulder beetle
 12267 | D:11     | Reached skill level 14 in Stealth
 12763 | D:8      | HP: 4/92 [Gastronok/the air (27)]
 12764 | D:8      | Killed Gastronok
 12878 | D:8      | Reached ***** piety under Dithmenos
 13086 | D:8      | Found a staircase to the Lair.
 13094 | Lair:1   | Entered Level 1 of the Lair of Beasts
 13108 | Lair:1   | Noticed Nergalle
 13111 | Lair:1   | Killed Nergalle
 13350 | Lair:1   | Noticed Grum
 13353 | Lair:1   | Noticed Maggie
 13386 | Lair:1   | Killed Maggie
 13387 | Lair:1   | Reached skill level 5 in Armour
 13387 | Lair:1   | Reached XP level 13. HP: 98/98 MP: 16/19
 13389 | Lair:1   | Killed Grum
 13475 | Lair:1   | Noticed Amaemon
 13486 | Lair:1   | Killed Amaemon
 13979 | Lair:2   | Identified the ring "Vyogug" {Fire Contam rElec rPois rN+}
 14238 | Lair:2   | Found a staircase to the Snake Pit.
 14753 | Lair:2   | You fall into a shaft and drop 1 floor!
 14837 | Lair:3   | Found a staircase to the Swamp.
 14849 | Lair:4   | Noticed Rupert
 15088 | Lair:4   | Reached skill level 15 in Stealth
 15224 | Lair:4   | Identified a scroll of acquirement
 15224 | Lair:4   | Acquired the +2 ring mail of Burnt Knowledge {Dex+4}
 15329 | Lair:4   | Killed Rupert
 16057 | Lair:3   | Reached skill level 5 in Shields
 16402 | Lair:3   | Reached XP level 14. HP: 108/108 MP: 20/20
 17073 | Lair:5   | Entered Level 5 of the Lair of Beasts
 17195 | Lair:5   | Reached ****** piety under Dithmenos
 17348 | Lair:5   | HP: 4/109 [spriggan rider/+0 spear (15)]
 17349 | Lair:5   | Slain by a polar bear

Illustrated notes

Levels and vault maps discovered:
D:1:      wander_arrival_peaceful_grave, layout_basic
D:2:      layout_basic, corexii_shack
D:3:      layout_loops_ring, nicolae_yredelemnul_corpse_copse,
          grunt_decor_arrowhead, nicolae_underground_beach
D:4:      layout_loops_ring, amcnicky_altar_gilded, minmay_temple_entry_glass
D:5:      minmay_evil_eye, layout_basic, ebering_ghost_disaster_area,
          gup_sewer_entry_pipe, kennysheep_decorative_pillar
D:6:      layout_rooms, chequers_temple_overflow_statue_of_worship,
          uniq_menkaure
D:7:      layout_loops_cross, nicolae_elyvilon_temple_path, serial_shops, shop,
          nicolae_shop_window_shopping, nicolae_square_shop,
          nicolae_shop_bloodbath_and_beyond
D:8:      layout_loops_ring, makhleb_blood_cavern_becter,
          grunt_lair_entry_orc_guard_hut, uniq_gastronok, uniq_joseph
D:9:      layout_roguey, okawaru_trees_2
D:10:     layout_cave_pods, erik_orc_3
D:11:     layout_loops_cross, dancing_weapons_uskayaw, uniq_lodul, uniq_sonja,
          uniq_erolcha
D:12:     layout_loops_ring, uniq_maurice
D:13:     kennysheep_bubbly, layout_basic, lightli_vaults_fourway_checkpoint,
          portal_ice_cave_demonic_guard, serial_shops, nicolae_stop_n_shop_1,
          uniq_kirke
D:14:     layout_long_grid, hangedman_decor_opposing, minmay_misc_feat_x,
          lightli_church_of_beogh, uniq_josephine, uniq_jorgrun
Temple:   nicolae_temple_two_arcs
Lair:1:   layout_gridlike, chequers_serial_rivers_micro_d,
          infiniplex_staircase_pool_2, lemuel_fruit_fields, uniq_maggie,
          uniq_nergalle, uniq_grum, uniq_amaemon
Lair:2:   layout_gridlike, minmay_snake_entry_guardpost_small,
          dreamdust_mushroom_princess, chequers_serial_rivers_micro_e,
          lemuel_fruit_fields
Lair:3:   layout_regular_city, skrybe_swamp_entry_bodies
Lair:4:   minmay_lair_oklob_chamber, layout_regular_city,
          chequers_serial_rivers_small_b, st_stairs_6,
          chequers_serial_rivers_large_b, uniq_rupert
Lair:5:   minmay_lair_end_enchanted_forest, layout_long_grid, slime_entry_2,
          lemuel_fruit_fields, infiniplex_staircase_pool, uniq_snorg

Skill      XL: |  1  2  3  4  5  6  7  8  9 10 11 12 13 |
---------------+----------------------------------------+-----
Short Blades   | 2 3 4 5 7 8 10 | 10.0
Stealth        | 5 6 7 8 9 10 12 13 14 15 | 15.6
Hexes          | 5 6 8 9 10 11 12 13 14 | 14.5
Ice Magic      | 1 3 4 5 |  5.0
Evocations     | 2 3 5 6 8 |  8.4
Spellcasting   | 3 4 |  4.0
Fighting       | 3 6 8 9 |  9.8
Armour         | 2 3 5 |  5.0
Dodging        | 4 5 7 8 |  8.6
Shields        | 1 3 5 |  5.0

Action                   |  1- 3 |  4- 6 |  7- 9 | 10-12 | 13-15 || total
-------------------------+-------+-------+-------+-------+-------++-------
Melee: Dagger            |   102 |   122 |   357 |   481 |   547 ||  1609
       Bite              |    14 |    15 |    35 |    79 |   105 ||   248
       Punch             |     1 |       |     4 |     1 |       ||     6
       Rapier            |       |    17 |       |       |       ||    17
       Scimitar          |       |       |       |       |    14 ||    14
 Cast: Ensorcelled Hiber |     6 |    10 |    36 |    62 |    34 ||   148
       Confusing Touch   |       |     2 |     2 |     5 |       ||     9
       Tukima's Dance    |       |       |     4 |    25 |     2 ||    31
       Dazzling Flash    |       |       |       |     8 |    16 ||    24
Invok: Shadow Step       |       |       |       |     4 |       ||     4
 Abil: Evoke Invisibilit |       |       |       |     2 |     1 ||     3
  Use: Scroll            |       |     2 |    15 |     6 |     4 ||    27
       Potion            |       |       |     1 |     4 |     1 ||     6
 Stab: Sleeping          |    19 |    24 |    36 |    89 |    37 ||   205
       Distracted        |       |     1 |     1 |     2 |       ||     4
       Confused          |       |     1 |     3 |     4 |       ||     8
       Invisible         |       |       |       |     7 |    19 ||    26
Armor: Robe              |    16 |    21 |    43 |    59 |       ||   139
       Steam dragon scal |       |       |    19 |       |       ||    19
       Troll leather arm |       |       |       |    11 |    75 ||    86
       Ring mail         |       |       |       |       |    97 ||    97
Dodge: Dodged            |    35 |    59 |   219 |   270 |   379 ||   962
Block: Buckler           |       |       |       |    30 |   183 ||   213

Table legend: (Time is in decaauts)
 A = Elapsed time spent in this place.
 B = Non-inter-level travel time spent in this place.
 C = Inter-level travel time spent in this place.
 D = Time resting spent in this place.
 E = Time spent auto-exploring this place.
 F = Levels seen in this place.
 G = Mean time per level.
                   A        B        C        D        E       F      G
               +--------+--------+--------+--------+--------+-----+--------+
         Total |  16740 |  16111 |    629 |   1195 |  11078 |  21 |  797.1 |
       Dungeon |  11928 |  11392 |    536 |    801 |   7964 |  14 |  852.0 |
        Temple |    124 |    116 |      8 |      0 |    104 |   1 |  124.0 |
          Lair |   4015 |   3931 |     84 |    288 |   2708 |   5 |  803.0 |
         Sewer |    671 |    671 |      0 |    106 |    302 |   1 |  671.0 |
               +--------+--------+--------+--------+--------+-----+--------+

Top non-repeatable levels by time:
  Lair:4: 1427 daAuts
    D:10: 1357 daAuts
     D:7: 1206 daAuts
     D:8: 1184 daAuts
     D:5: 1085 daAuts
     D:9: 1030 daAuts
    D:12: 930 daAuts
    D:11: 905 daAuts
     D:6: 872 daAuts
  Lair:2: 865 daAuts
     D:1: 811 daAuts
  Lair:3: 782 daAuts
     D:4: 757 daAuts
  Lair:1: 736 daAuts
   Sewer: 671 daAuts
